 Dungeon Crawl Stone Soup version 0.17.0-24-gcfadda4 (webtiles) character file.

168 M4edhros the Charlatan (level 5, -6/33 HPs)
             Began as an Octopode Artificer on Nov 16, 2015.
             Was an Initiate of Okawaru.
             Killed by nerve-wracking pain
             ... invoked by Grinder
              (11 damage)
             ... on level 3 of the Dungeon.
             The game lasted 00:03:14 (1880 turns).

M4edhros the Charlatan (Octopode Artificer)         Turns: 1880, Time: 00:03:14

Health: -6/33      AC:  1    Str: 10    XL:     5   Next: 49%
Magic:  8/8        EV: 12    Int: 15    God:    Okawaru [......]
Gold:   93         SH:  0    Dex: 13    Spells: 0 memorised, 4 levels left

rFire  . . .     SeeInvis +     a - +0 short sword
rCold  . . .     Clarity  .     (no shield)
rNeg   . . .     SustAt   .     (helmet restricted)
rPois  .         Gourm    .     (no amulet)
rElec  .         Spirit   .     s - ring of see invisible
rCorr  .         Warding  .     (no ring)
rMut   .         Stasis   .     (no ring)
MR     .....                    (no ring)
Stlth  ++........               (no ring)
                                (no ring)
                                (no ring)
                                (no ring)

@: confused, not resistant to hostile enchantments, unstealthy
A: almost no armour, amphibious, 8 rings, constrict 8, camouflage 1, wild magic
1, gelatinous body 1
a: Renounce Religion


You were on level 3 of the Dungeon.
You worshipped Okawaru.
Okawaru was noncommittal.
You were very hungry.

You visited 1 branch of the dungeon, and saw 3 of its levels.

You collected 93 gold pieces.

Inventory:

Hand Weapons
 a - a +0 short sword (weapon)
 i - a +0 hunting sling
Missiles
 t - 43 sling bullets
 v - 62 stones (quivered)
Jewellery
 s - a ring of see invisible (left tentacle)
Wands
 b - a wand of flame (15)
 c - a wand of enslavement (12)
 d - a wand of random effects (13)
 x - a wand of fireball (3)
Scrolls
 f - a scroll of amnesia {unknown}
 g - a scroll of blinking {unknown}
 h - a scroll of fog {unknown}
 k - a scroll of fear {unknown}
 l - 2 scrolls of teleportation {unknown}
 o - 2 scrolls of identify {unknown}
 p - 4 scrolls of immolation {unknown}
 r - a scroll of remove curse {unknown}
 u - a scroll of recharging {unknown}
Potions
 m - 2 potions of poison {unknown}
Comestibles
 e - a bread ration
 j - 2 beef jerkies


   Skills:
 - Level 1.0 Fighting
 - Level 1.0 Short Blades
 + Level 2.4 Slings
 - Level 2.0 Dodging
 + Level 4.5 Stealth
 + Level 4.7 Evocations


You had 4 spell levels left.
You didn't know any spells.

Dungeon Overview and Level Annotations

Branches:
Dungeon (3/15)

Altars:
Fedhas
Makhleb
Okawaru
Vehumet

Annotations:
D:3 Grinder


Innate Abilities, Weirdness & Mutations

You cannot wear most types of armour.
You are amphibious.
You can wear up to eight rings at the same time.
You can use your tentacles to constrict eight enemies at once.
Your skin changes colour to match your surroundings (Stealth).
Your rubbery body absorbs attacks (AC +1).
Your spells are a little harder to cast, but a little more powerful.


Message History

You closely miss Grinder. You grab Grinder.
Grinder is lightly wounded.
You constrict Grinder. Grinder gestures at you. Pain shoots through your body!
* * * LOW HITPOINT WARNING * * *
Evoke which item? (* to show all) (? for menu, Esc to quit)
Okay, then.
Drink which item? (? for menu, Esc to quit)
Okay, then.
Drink which item? (? for menu, Esc to quit)
You are confused.
You feel invigorated.
You constrict Grinder. Grinder hits you.
* * * LOW HITPOINT WARNING * * *
You writhe in agony.
* * * LOW HITPOINT WARNING * * *
You're too confused to move!
You constrict Grinder. Grinder gestures at you. Pain shoots through your body!
You die...

#.##.#
#######.##.#
...........#
#.#####.####
#.# #)# #.#
#.#####.#
#...5@..#
#.#######


You could see Grinder.

Vanquished Creatures
  Robin (D:3)
  3 adders
  3 gnolls (D:2)
  An ooze (D:2)
  A worm (D:2)
  A giant gecko (D:3)
  9 orcs (D:3)
  A giant cockroach (D:3)
  14 goblins
  7 hobgoblins
  5 kobolds
  A quokka (D:3)
  8 bats
  2 rats
57 creatures vanquished.

Vanquished Creatures (collateral kills)
  A gnoll (D:2)
1 creature vanquished.

Vanquished Creatures (others)
  Ijyb (D:2)
1 creature vanquished.

Grand Total: 59 creatures vanquished

Notes
Turn   | Place    | Note
--------------------------------------------------------------
     0 | D:1      | M4edhros the Octopode Artificer began the quest for the Orb.
     0 | D:1      | Reached XP level 1. HP: 13/13 MP: 3/3
   313 | D:1      | Reached XP level 2. HP: 18/18 MP: 4/4
   677 | D:2      | Reached skill level 1 in Slings
   739 | D:2      | Reached XP level 3. HP: 20/23 MP: 5/5
   815 | D:2      | Noticed Ijyb
   821 | D:2      | Reached skill level 4 in Evocations
   848 | D:2      | Ijyb (ally) was killed
   848 | D:2      | Your ally died
   856 | D:2      | HP: 1/23 [gnoll/spear (4)]
   858 | D:2      | Reached XP level 4. HP: 1/28 MP: 7/7
  1153 | D:2      | You fall through a shaft!
  1231 | D:3      | Gained mutation: Your mind is acute. (Int +2) [potion of mutation]
  1231 | D:3      | Lost mutation: Your mind is acute. (Int +2) [potion of mutation]
  1231 | D:3      | Gained mutation: Your spells are a little harder to cast, but a little more powerful. [potion of mutation]
  1310 | D:3      | Reached XP level 5. HP: 33/33 MP: 8/8
  1314 | D:3      | Noticed Robin
  1390 | D:3      | Killed Robin
  1542 | D:3      | Found an iron altar of Okawaru.
  1545 | D:3      | Found a radiant altar of Vehumet.
  1548 | D:3      | Found a blossoming altar of Fedhas.
  1551 | D:3      | Found a burning altar of Makhleb.
  1566 | D:3      | Became a worshipper of Warmaster Okawaru
  1873 | D:3      | Noticed Grinder
  1880 | D:3      | Killed from afar by Grinder

Action                   |  1- 3 |  4- 6 || total
-------------------------+-------+-------++-------
Melee: Short sword       |    30 |    74 ||   104
 Fire: Hunting sling     |    24 |    14 ||    38
Evoke: Wand              |     2 |     3 ||     5
  Use: Potion            |       |     6 ||     6
 Stab: Sleeping          |     7 |     9 ||    16
       Distracted        |       |     1 ||     1
  Eat: Chunk             |       |     2 ||     2
